 Dungeon Crawl Stone Soup version 0.29.1-2-gbd0b4ee654 (webtiles) character file.

Game seed: 9816691833678466109

99 styxcanada the Sneak (level 4, -2/22 (23) HPs)
             Began as a Spriggan Brigand on Nov 28, 2022.
             Slain by a wight
             ... wielding a +2 spear
              (7 damage)
             ... on level 4 of the Dungeon.
             The game lasted 00:09:29 (2535 turns).

styxcanada the Sneak (Spriggan Brigand)             Turns: 2535, Time: 00:09:30

HP:   -2/22 (23)    AC:  3    Str:  7    XL:     4   Next: 45%
MP:   5/5           EV: 17    Int: 12    God:
Gold: 228           SH:  0    Dex: 18    Spells: 3/3 levels left

rFire   . . .      SeeInvis +   m - +2 short sword (holy)
rCold   + . .      Faith    .   (no shield)
rNeg    . . .      Spirit   .   b - +0 robe
rPois   .          Reflect  .   (helmet restricted)
rElec   .          Harm     .   c - +0 cloak
rCorr   .          Rampage  .   (gloves unavailable)
Will    .....                   (boots unavailable)
Stlth   ++++......              (no amulet)
HPRegen 0.07/turn               f - ring of protection from cold
MPRegen 0.09/turn               (no ring)

@: lightly drained, very quick
A: very small, no large weapons, unfitting armour, see invisible, speed 3
a: no special abilities


You were on level 4 of the Dungeon.
You visited 1 branch of the dungeon, and saw 4 of its levels.

You collected 228 gold pieces.

Inventory:

Hand Weapons
 a - a +2 dagger
 h - a +2 dagger of venom
 m - a +2 short sword of holy wrath (weapon)
Missiles
 d - 11 poisoned darts (quivered)
 e - 3 curare-tipped darts
 g - 38 stones
 i - 2 boomerangs of dispersal
Armour
 b - a +0 robe (worn)
 c - a +0 cloak (worn)
Jewellery
 f - a ring of protection from cold (left hand)
Wands
 q - a wand of roots (13)
Scrolls
 j - a scroll of noise {unknown}
 l - a scroll of poison {unknown}
 p - 2 scrolls of identify {unknown}
Potions
 k - a potion of curing {unknown}
 n - a potion of might {unknown}
 o - a potion of flight {unknown}


   Skills:
 + Level 1.7 Fighting
 + Level 2.9 Short Blades
 + Level 2.0 Throwing
 + Level 2.4 Dodging
 + Level 7.9 Stealth


You had 3 spell levels left.
You didn't know any spells.
Your spell library was empty.

Dungeon Overview and Level Annotations

Branches:
Dungeon (4/15)
 Temple: D:4-7

Altars:

Annotations:
D:3 2 runed translucent doors, styxcanada's ghost, amateur MiFi
D:4 1 runed translucent door, Jingleheimer's ghost, amateur DsGl


Innate Abilities, Weirdness & Mutations

You are very small and have problems with some larger weapons.
You are too small for most types of armour.
You have supernaturally acute eyesight. (SInv)
You cover ground extremely quickly. (Speed+++)


Message History

You now have 228 gold pieces (gained 7).
Found a rapier.
The goblin misses you.
You hit the goblin.
The goblin is poisoned.
The goblin is heavily wounded.
The goblin misses you.
You hit the goblin.
You kill the goblin!
An adder comes into view.
The helpless adder fails to defend itself.
You spit the adder like a pig!!!
You kill the adder!
Your +2 dagger of venom stops dripping with poison.
Your +2 short sword of holy wrath softly glows with a divine radiance!
m - a +2 short sword of holy wrath (weapon)
The wight hits you from afar with a +2 spear.
You hit the wight but do no damage. The wight closely misses you.
You hit the wight but do no damage. The wight completely misses you.
You completely miss the wight. The wight closely misses you.
You hit the wight but do no damage. The wight hits you with a +2 spear!
You feel drained.
You hit the wight.
The wight convulses.
The wight is moderately damaged.
The wight hits you with a +2 spear.
You hit the wight but do no damage.
The wight is moderately damaged.
The wight misses you.
You closely miss the wight.
The wight is moderately damaged.
The wight barely misses you.
You hit the wight but do no damage.
The wight is moderately damaged.
The wight closely misses you.
You hit the wight.
The wight convulses.
The wight is moderately damaged.
The wight hits you with a +2 spear.
* * * LOW HITPOINT WARNING * * *
You hit the wight.
The wight convulses.
The wight is heavily damaged.
The wight hits you with a +2 spear!
You die...

#.......<.......# #.
#.# #.#
#...........###.....#
#.. #.. ...##.....#
#.. .#. ##. ##....#
##.# . . #. #....#
#.. #. #.z..# #.# .
#. #...)## ##.# ...
.. ####..###..###....
..# ####.#@..........
.# #....z.8...8...8.
.. ####.#...#†..#...
#..#.###.## .......#
..# ......8... ...
........#)..#..
........###.###.#
#...... .. ..


You could see a wight.

Vanquished Creatures
  Terence (D:3)
  3 adders
  3 endoplasms
  3 giant cockroaches
  5 goblins
  3 hobgoblins (D:3)
  A jackal (D:4)
  2 kobolds (D:1)
  A quokka (D:1)
  9 ball pythons
  5 bats
  A frilled lizard (D:2)
  8 rats
45 creatures vanquished.

Notes
Turn   | Place    | Note
-------+----------+-------------------------------------------
     0 | D:1      | styxcanada the Spriggan Brigand began the quest for the
                  | Orb.
     0 | D:1      | Reached XP level 1. HP: 10/10 MP: 2/2
    30 | D:1      | Reached skill level 6 in Stealth
   307 | D:1      | Reached XP level 2. HP: 14/14 MP: 3/3
   440 | D:1      | Found a faded altar of an unknown god.
   739 | D:2      | Reached skill level 7 in Stealth
   743 | D:2      | Reached XP level 3. HP: 18/18 MP: 4/4
  1122 | D:3      | Noticed Terence
  1138 | D:3      | Killed Terence
  1143 | D:3      | Reached XP level 4. HP: 5/23 MP: 5/5
  1559 | D:3      | Found a large runed translucent door.
  1559 | D:3      | Found a large runed translucent door.
  1564 | D:3      | Noticed styxcanada's ghost (amateur MiFi)
  2459 | D:4      | Found a runed translucent door.
  2466 | D:4      | Noticed a bullfrog
  2483 | D:4      | Noticed Jingleheimer's ghost (amateur DsGl)
  2535 | D:4      | Slain by a wight

Illustrated notes

Levels and vault maps discovered:
D:1:      dpeg_arrival_pond, layout_loops_cross,
          shapermc_ecumenical_altar_mp_urbaneastern, nrook_mini_backslash
D:2:      layout_rooms, chequers_serial_rivers_small_a,
          kennysheep_generic_room_9
D:3:      layout_basic, ebering_ghost_disaster_area, uniq_terence
D:4:      layout_rooms, lemuel_doored_altar, minmay_temple_entry_mist,
          ebering_ghost_sewer_d, minmay_misc_feat_four_crosses

Skill      XL: |  1  2  3 |
---------------+----------+-----
Stealth        | 6 7 |  7.9
Dodging        | 2 |  2.4
Fighting       | |  1.7
Short Blades   | |  2.9
Throwing       | |  2.0

Action                   |  1- 3 |  4- 6 || total
-------------------------+-------+-------++-------
Melee: Dagger            |    60 |    26 ||    86
       Short sword       |       |    10 ||    10
Throw: Dart              |     1 |     6 ||     7
  Use: Scroll            |       |     2 ||     2
 Stab: Sleeping          |    15 |     7 ||    22
Armor: Robe              |     6 |     2 ||     8
Dodge: Dodged            |    42 |    21 ||    63
